AoeStats
← Chad

Black Forest

505126210Analyzed
2v2 RM · 24d ago on Sep 7, 2026· 47m 9s· 4 players
Game mode
Random Map
Map size
Medium (4 player)
Population
200
Speed
Normal
Resources
Standard
Victory
Conquest
Starting age
Dark Age
Ending age
Imperial Age
RankedLock teamsTeams togetherTeam positionsShared explorationLock speedFull tech treeHidden civsTurbo modeCheats
Victory
Defeat
🇨🇦 Franks · Canada
704
+40
🇺🇸 Britons · United States
702
+42
🇦🇷 Maya · Argentina
833
-65
🇦🇷 Franks · Argentina
774
-51
Chad
9:45 Feudal Age
10:11 Double-Bit Axe
10:19 Horse Collar
19:17 Castle Age
17:51 Fletching
18:01 Padded Archer Armor
20:12 Heavy Plow
20:24 Bow Saw
20:08 Stone Mining
20:51 Gold Mining
22:23 Gold Shaft Mining
27:53 Wheelbarrow
27:05 Town Watch
27:05 Loom
28:16 Caravan
30:20 Ballistics
33:21 Imperial Age
31:21 Bodkin Arrow
31:42 Leather Archer Armor
32:45 Hand Cart
32:54 Yeomen
33:50 Murder Holes
33:54 Arrowslits
35:40 Chemistry
35:25 Conscription
37:38 Two-Man Saw
37:24 Warwolf
38:58 Hoardings
38:21 Elite Longbowman
40:27 Hoardings
43:31 Bracer
44:02 Ring Archer Armor
43:51 Town Patrol
The Jelqer
11:28 Feudal Age
12:47 Wheelbarrow
12:00 Double-Bit Axe
14:20 Gold Mining
20:58 Castle Age
22:01 Hand Cart
22:00 Bow Saw
21:54 Caravan
26:22 Masonry
26:23 Fortified Wall
26:58 Stone Mining
27:44 Gold Shaft Mining
28:21 Scale Barding Armor
28:28 Forging
29:16 Masonry
30:46 Husbandry
30:08 Light Cavalry
32:20 Guard Tower
32:51 Ballistics
32:28 Murder Holes
34:34 #83
39:59 Imperial Age
39:08 Chain Barding Armor
39:24 Iron Casting
38:50 Scale Mail Armor
39:32 Town Watch
40:49 Chivalry
41:18 Conscription
41:11 Town Patrol
42:16 Cavalier
42:19 Elite Throwing Axeman
43:38 Hoardings
46:10 Plate Barding Armor
45:38 Padded Archer Armor
SunnyChair4731
11:15 Feudal Age
9:30 Loom
16:09 Castle Age
14:27 Double-Bit Axe
16:02 Wheelbarrow
16:56 Scale Barding Armor
21:45 Forging
25:27 Chain Barding Armor
26:30 Iron Casting
27:10 Stone Mining
31:27 Imperial Age
30:04 Gold Mining
31:20 Husbandry
31:33 Cavalier
32:30 Chivalry
34:02 Blast Furnace
34:21 Plate Barding Armor
35:19 Gold Shaft Mining
35:16 Paladin
41:10 Heavy Scorpion
Andrada32
0:35 Loom
11:37 Feudal Age
12:19 Double-Bit Axe
20:05 Castle Age
18:49 Horse Collar
20:20 Pikeman
21:14 Bow Saw
23:48 Elite Skirmisher
25:35 Wheelbarrow
26:48 Stone Mining
26:54 Gold Mining
28:14 Town Watch
28:35 Arson
30:02 Stone Shaft Mining
29:38 Scale Mail Armor
29:53 Heavy Plow
33:28 Hand Cart
38:28 Imperial Age
36:23 Ballistics
36:13 Padded Archer Armor
36:20 Treadmill Crane
37:05 Squires
37:14 Thumb Ring
37:30 Leather Archer Armor
37:51 Masonry
38:08 Forging
40:25 Chemistry
39:30 Halberdier
41:09 Fletching
41:50 Ring Archer Armor
42:31 Bodkin Arrow
43:13 Crop Rotation
43:24 Murder Holes
44:06 Caravan
44:11 Town Patrol
46:01 Elite Plumed Archer
47:28 Architecture
Connection lost

Rejoining the realm…

Still unreachable

The connection could not be restored.

Session expired

The server has moved on; the page needs a fresh start.